 Dungeon Crawl Stone Soup version 0.32-a0-859-gb0a091d592 (webtiles) character file.

Game seed: 8837528478117031833

27088 bmack86 the Severer (level 13, -1/128 HPs)
             Began as a Minotaur Fighter on Mar 28, 2024.
             Was a High Priest of Trog.
             Succumbed to orange demon's concentrated venom
             ... on level 2 of the Lair of Beasts.
             The game lasted 00:34:39 (13810 turns).

bmack86 the Severer (Minotaur Fighter)             Turns: 13810, Time: 00:34:39

Health: -1/128     AC: 24    Str: 31    XL:     13   Next: 2%
Magic:  12/12      EV: 22    Int:  5    God:    Trog [*****.]
Gold:   461        SH:  4    Dex: 11    Spells: 12/12 levels left

rFire   . . .        R - +6 war axe "Impbane" {pain, rN++ Will++}
rCold   . . .        c - +0 buckler
rNeg    + + +        h - +0 plate armour
rPois   .            y - +2 hat
rElec   +            D - +2 cloak
rCorr   +            I - +1 pair of gloves
SInv    .            H - +0 pair of boots
Will    ++...        T - amulet "Xoyt Hosh" {Acrobat Rampage rElec rN+} Stlth
                     F - ring of resist corrosion
HPRegen 0.41/turn    f - +6 ring of strength
MPRegen 0.13/turn

%: acrobat, rampage
@: lethally poisoned (-1 -> -56), acrobatic, slowed, very slow
A: horns 2, retaliatory headbutt, noise suppression
a: Renounce Religion, Berserk, Trog's Hand, Brothers in Arms


You were on level 2 of the Lair of Beasts.
You worshipped Trog.
Trog was extremely pleased with you.
You visited 2 branches of the dungeon, and saw 15 of its levels.
You also visited: Ossuary and Gauntlet.

You collected 1045 gold pieces.
You spent 584 gold pieces at shops.

Inventory:

Hand Weapons
 a - a +1 heavy war axe
 R - the +6 war axe "Impbane" (weapon) {pain, rN++ Will++}
   (You found it in a Gauntlet)

   rN++:      It greatly protects you from negative energy.
   Will++:    It greatly increases your willpower.
Missiles
 i - a curare-tipped dart
 m - 4 throwing nets
 Q - 3 javelins
 W - 2 silver javelins
Armour
 c - a +0 buckler (worn)
 h - a +0 plate armour (worn)
 y - a +2 hat (worn)
 D - a +2 cloak (worn)
 H - a +0 pair of boots (worn)
 I - a +1 pair of gloves (worn)
Jewellery
 f - a +6 ring of strength (right hand)
 g - a ring of ice
 F - a ring of resist corrosion (left hand)
 L - a ring of protection from fire
 T - the amulet "Xoyt Hosh" (around neck) {Acrobat Rampage rElec rN+}
   (You found it in a Gauntlet)

   [amulet of the acrobat]

   Acrobat:   It increases your evasion while moving and waiting.
   rElec:     It insulates you from electricity.
   rN+:       It protects you from negative energy.
   Rampage:   It bestows one free step when moving towards enemies.
 V - a ring of protection from fire
 X - a +6 ring of intelligence
Wands
 j - a wand of quicksilver (13)
 o - a wand of polymorph (8)
 x - a wand of iceblast (8) (quivered)
 K - a wand of mindburst (10)
 N - a wand of flame (24)
Scrolls
 d - 2 scrolls of poison
 p - 3 scrolls of brand weapon
 r - a scroll of enchant weapon
 s - 7 scrolls of noise
 t - a scroll of fog
 z - a scroll of revelation
 B - 4 scrolls of teleportation
 C - a scroll of immolation
 M - a scroll of blinking
Potions
 b - a potion of berserk rage
 e - 2 potions of invisibility
 k - 6 potions of curing
 l - 3 potions of attraction
 n - 5 potions of mutation
 q - a potion of magic
 u - a potion of enlightenment
 v - 3 potions of cancellation
 w - a potion of resistance
 A - a potion of lignification
 G - a potion of might
 J - a potion of experience {unknown}
 P - a potion of ambrosia {unknown}
Miscellaneous
 O - a tin of tremorstones (2/2)


   Skills:
 * Level 15.7 Fighting
 - Level 18.0 Axes
 + Level 11.7 Armour
 - Level 5.0 Shields


You had 12 spell levels left.
You didn't know any spells.
Your spell library was empty.

Dungeon Overview and Level Annotations

Branches:
Dungeon (13/15)            Temple (0/1) D:7            Lair (2/5) D:8
    Orc (0/2) D:12         Vaults (0/5) D:13        Ossuary (visited)
Gauntlet (visited)
  Swamp: Lair:2-3    Shoals: Lair:2-3     Snake: Lair:2-3    Spider: Lair:2-3

Altars:
Ashenzari
Dithmenos
Fedhas
Hepliaklqana
Kikubaaqudgha
Makhleb
Nemelex Xobeh
Okawaru
Ru
Trog
Uskayaw
Wu Jian
Zin

Shops:
D:4 [   D:6 *   D:8 *

Portals:
Trove: D:11 (give 7 scrolls of fog)

Annotations:
D:1 1 runed translucent door
D:8 3 runed translucent doors, avangion's ghost, novice DEFE
D:11 3 runed translucent doors, Fahedell's ghost, journeyman DgAl
Lair:2 exclusion: oklob plant


Innate Abilities, Weirdness & Mutations

You have a pair of horns on your head.
You reflexively headbutt those who attack you in melee.
You passively dampen the noise of your surroundings.


Message History

You hit the water moccasin. You slice the rime drake!!
You feel very sick. The rime drake bites you.
The water moccasin closely misses you. You furiously retaliate!
You headbutt the water moccasin!
Amaemon hits you with a -1 demon whip of venom.
You are more poisoned.
Amaemon barely misses you.
Amaemon tail-slaps you but does no damage.
The orange demon stings you but does no damage.
You slash Amaemon!
You kill Amaemon!
Trog accepts your kill.
Trog appreciates your killing of a magic user.
You hit the rime drake but do no damage.
You closely miss the water moccasin.
You feel very sick. The rime drake barely misses you. You furiously retaliate!
You headbutt the rime drake.
The water moccasin bites you but does no damage.
The orange demon stings you from afar!
You are more poisoned.
You have difficulty breathing.
You feel yourself slow down.
You have reached level 13!
You feel extremely sick. The rime drake closely misses you.
You furiously retaliate!
You headbutt the rime drake. The water moccasin barely misses you.
You furiously retaliate!
You headbutt the water moccasin!
You kill the water moccasin!
Trog accepts your kill. The rime drake completely misses you.
The orange demon stings you from afar.
You are lethally poisoned!
You have difficulty breathing.
You feel as though you will be slow longer.
You see here a wolf corpse.
* * * LOW HITPOINT WARNING * * *
You feel extremely sick. The rime drake breathes ice at you.
The icy flash freeze misses you. The rime drake barely misses you.
Unknown command.
You die...

#........>....P##.
#)................
#.................
........>........
#>.............#
...............#
.......4k.....#
.......††.@...##
#.......†.<...P#
..)...............
..................
P.............###.
P.............#
#.............P#
#..............#
.............##


You could see an orange demon (curare) and a rime drake.

Vanquished Creatures
  A minotaur (Gauntlet)
  Snorg (D:10)
  Harold (D:10)
  4 two-headed ogres
  Amaemon (Lair:2)
  8 slime creatures (D:12)
  A glowing orange brain (Gauntlet)
  2 ugly things (Gauntlet)
  A manticore (D:12)
  A shining eye (Gauntlet)
  A smoke demon (Gauntlet)
  2 cane toads (Lair:1)
  2 komodo dragons
  Jeremiah (D:6)
  A minotaur zombie (Gauntlet)
  3 kobold demonologists
  6 trolls
  A polar bear (Lair:1)
  3 blink frogs (Lair:1)
  A glass eye (Gauntlet)
  2 shadows
  A vampire (D:12)
  2 wraiths
  7 wyverns
  A basilisk (Lair:1)
  21 yaks
  Eustachio (D:4)
  6 vampire mosquitoes
  A steam dragon (D:8)
  3 acid dragons
  10 water moccasins
  Duvessa (D:4)
  An ice beast (D:6)
  3 sky beasts (D:8)
  The ghost of hikkokomori the Chopper, an amateur MDRe (D:4)
  A black bear (D:5)
  6 ogres
  4 orc warriors
  A crocodile (D:8)
  8 wolves
  5 centaurs
  A phantom (D:5)
  4 kobold brigands
  Blork the orc (D:4)
  11 bullfrogs
  A gnoll sergeant (D:8)
  10 scorpions
  Dowan (D:4)
  6 killer bees
  3 howler monkeys
  2 bombardier beetles
  A crimson imp (Gauntlet)
  4 centaur zombies (Ossuary)
  4 hounds
  5 orc priests
  3 jellies (D:8)
  2 scorpion zombies (Ossuary)
  3 sleepcaps
  3 human zombies (Ossuary)
  6 iguanas
  16 orc wizards
  3 mummies (Ossuary)
  Robin (D:4)
  8 gnolls
  4 adders
  A shadow imp (D:7)
  A white imp (D:7)
  4 ufetubi (D:6)
  3 adder zombies (Ossuary)
  3 dart slugs
  A ribbon worm (D:2)
  59 orcs
  4 bats
  8 endoplasms
  2 giant cockroaches (D:2)
  15 goblins
  8 hobgoblins
  6 jackals
  19 kobolds
  A quokka (D:3)
  2 ball pythons (D:1)
  4 ball python zombies (Ossuary)
  4 frilled lizards
  A gnoll zombie (Ossuary)
  A jackal zombie (Ossuary)
  6 rats
384 creatures vanquished.

Notes
Turn   | Place    | Note
-------+----------+-------------------------------------------
     0 | D:1      | bmack86 the Minotaur Fighter began the quest for the Orb.
     0 | D:1      | Reached XP level 1. HP: 19/19 MP: 0/0
     1 | D:1      | Found a runed translucent door.
     4 | D:1      | Noticed a jelly
   262 | D:1      | Reached XP level 2. HP: 26/26 MP: 1/1
   550 | D:1      | Reached skill level 3 in Axes
  1026 | D:2      | Reached XP level 3. HP: 25/31 MP: 2/2
  1572 | D:3      | Reached skill level 5 in Shields
  1719 | D:3      | Found a bloodstained altar of Trog.
  1752 | D:3      | Became a worshipper of Trog the Wrathful
  1830 | D:3      | Reached skill level 4 in Axes
  1830 | D:3      | Reached XP level 4. HP: 39/39 MP: 3/3
  2041 | D:4      | Noticed an ogre
  2046 | D:4      | Noticed hikkokomori's ghost (amateur MDRe)
  2069 | D:4      | Noticed Robin
  2073 | D:4      | Reached skill level 5 in Axes
  2081 | D:4      | Killed Robin
  2085 | D:4      | Found a runed translucent gate.
  2085 | D:4      | Found a runed translucent gate.
  2111 | D:4      | Found a runed translucent gate.
  2137 | D:4      | Found Meywechi's Armour Emporium.
  2181 | D:4      | Noticed Eustachio
  2202 | D:4      | Reached XP level 5. HP: 28/45 MP: 4/4
  2202 | D:4      | Killed Eustachio
  2203 | D:4      | Reached skill level 7 in Axes
  2203 | D:4      | Reached XP level 6. HP: 33/51 MP: 5/5
  2338 | D:4      | Noticed Blork the orc
  2349 | D:4      | Killed Blork the orc
  2401 | D:4      | Noticed a water moccasin
  2408 | D:4      | Killed a water moccasin
  2408 | D:4      | Reached * piety under Trog
  2409 | D:4      | Reached skill level 8 in Axes
  2436 | D:4      | Found a hide-covered altar of Uskayaw.
  2899 | D:4      | Noticed Duvessa
  2899 | D:4      | Noticed Dowan
  2907 | D:4      | Killed Dowan
  2908 | D:4      | Reached XP level 7. HP: 56/57 MP: 6/6
  2910 | D:4      | Found a hazy altar of Hepliaklqana.
  2926 | D:4      | Killed Duvessa
  2927 | D:4      | Reached skill level 9 in Axes
  3190 | D:4      | Killed hikkokomori's ghost
  3193 | D:4      | Reached skill level 10 in Axes
  3269 | D:5      | Entered Level 5 of the Dungeon
  3282 | D:5      | Reached XP level 8. HP: 34/64 MP: 7/7
  3288 | D:5      | Reached skill level 11 in Axes
  3391 | D:5      | Found a broken altar of Ashenzari.
  3544 | D:5      | Found a sand-covered staircase.
  3554 | Ossuary  | Entered an ossuary
  3611 | Ossuary  | Reached skill level 12 in Axes
  3679 | Ossuary  | Reached ** piety under Trog
  3769 | Ossuary  | Reached skill level 13 in Axes
  3849 | Ossuary  | Reached XP level 9. HP: 65/70 MP: 8/8
  4013 | D:5      | Identified the +3 quarterstaff of the Shrinking Gods
                  | {venom, Str-2 Dex+8}
  4056 | D:5      | Reached skill level 14 in Axes
  4396 | D:4      | Bought a +1 cloak for 126 gold pieces
  4447 | D:6      | Found Syegaokh's General Store.
  4478 | D:6      | Bought a scroll of blinking for 97 gold pieces
  4542 | D:6      | Noticed Jeremiah
  4551 | D:6      | Killed Jeremiah
  4552 | D:6      | Reached skill level 15 in Axes
  4715 | D:6      | Reached *** piety under Trog
  4926 | D:7      | Reached skill level 16 in Axes
  5100 | D:7      | Found a staircase to the Ecumenical Temple.
  5183 | D:7      | Found a glowing silver altar of Zin.
  5262 | D:7      | Identified the +0 falchion "Mirit" {elec, rPois rF+ Will-
                  | Int+3}
  5438 | D:7      | Found a blossoming altar of Fedhas.
  5620 | D:8      | Reached XP level 10. HP: 77/77 MP: 9/9
  5873 | D:8      | Reached skill level 17 in Axes
  6098 | D:8      | Noticed a two-headed ogre
  6098 | D:8      | Noticed a two-headed ogre
  6103 | D:8      | Killed a two-headed ogre
  6104 | D:8      | Reached skill level 18 in Axes
  6105 | D:8      | Killed a two-headed ogre
  6106 | D:8      | Reached skill level 5 in Fighting
  6194 | D:8      | Found a runed translucent gate.
  6194 | D:8      | Found a runed translucent gate.
  6194 | D:8      | Noticed avangion's ghost (novice DEFE)
  6196 | D:8      | Found a runed translucent gate.
  6224 | D:8      | Found a staircase to the Lair.
  6371 | D:8      | Found an iron altar of Okawaru.
  6394 | D:8      | Reached **** piety under Trog
  6455 | D:8      | Reached skill level 5 in Armour
  6554 | D:8      | Found a sparkling altar of Nemelex Xobeh.
  6563 | D:8      | Found a shadowy altar of Dithmenos.
  6563 | D:8      | Found an ancient bone altar of Kikubaaqudgha.
  6564 | D:8      | Found a sacrificial altar of Ru.
  6635 | D:8      | Found Jodussuo's Assorted Antiques.
  6638 | D:8      | Bought a pair of boots for 126 gold pieces
  6638 | D:8      | Bought a pair of glowing gloves for 210 gold pieces
  6638 | D:8      | Bought a bubbling grey potion for 25 gold pieces
  7420 | D:9      | Reached XP level 11. HP: 89/92 MP: 10/10
  7475 | D:9      | Found an ornate altar of the Wu Jian Council.
  8267 | D:10     | Entered Level 10 of the Dungeon
  8281 | D:10     | Noticed Snorg
  8284 | D:10     | Noticed a soul eater
  8291 | D:10     | Killed Snorg
  8766 | D:10     | Reached ***** piety under Trog
  8905 | D:10     | Reached skill level 10 in Fighting
  8987 | D:10     | Found a burning altar of Makhleb.
  9032 | D:10     | Noticed Harold
  9043 | D:10     | Killed Harold
  9639 | D:11     | Found a portal to a secret trove of treasure.
  9728 | D:11     | Found a runed translucent gate.
  9728 | D:11     | Found a runed translucent gate.
  9754 | D:11     | Noticed a two-headed ogre
  9759 | D:11     | Killed a two-headed ogre
  9815 | D:11     | Noticed a two-headed ogre
  9817 | D:11     | Noticed Fahedell's ghost (journeyman DgAl)
  9820 | D:11     | Noticed a two-headed ogre
  9820 | D:11     | Noticed a two-headed ogre
 10176 | D:11     | Found a runed translucent gate.
 10434 | D:12     | HP: 3/104 [very large slime creature (23)]
 10806 | D:12     | Noticed a two-headed ogre
 10814 | D:12     | Killed a two-headed ogre
 10815 | D:12     | Reached XP level 12. HP: 81/112 MP: 11/11
 11086 | D:12     | Found a staircase to the Orcish Mines.
 11827 | D:13     | Found a gate to the Vaults.
 11827 | D:13     | Noticed a vault guard
 11827 | D:13     | Noticed a vault guard
 11827 | D:13     | Noticed a vault guard
 11827 | D:13     | Noticed a vault guard
 11827 | D:13     | Noticed a vault guard
 11827 | D:13     | Noticed a vault guard
 11827 | D:13     | Noticed a vault guard
 11950 | Lair:1   | Entered Level 1 of the Lair of Beasts
 11958 | Lair:1   | Reached skill level 10 in Armour
 12096 | Lair:1   | Found a gate leading to a gauntlet.
 12108 | Gauntlet | Entered a Gauntlet
 12108 | Gauntlet | Found a transporter.
 12108 | Gauntlet | Found a transporter.
 12109 | Gauntlet | Noticed a death scarab
 12112 | Gauntlet | Found a transporter.
 12112 | Gauntlet | Found a transporter.
 12116 | Gauntlet | Found a transporter.
 12116 | Gauntlet | Found a transporter.
 12150 | Gauntlet | Found a transporter.
 12154 | Gauntlet | Found a transporter.
 12168 | Gauntlet | Found a transporter.
 12185 | Gauntlet | Found a transporter.
 12189 | Gauntlet | Noticed a ghost crab
 12200 | Gauntlet | Found a transporter.
 12204 | Gauntlet | Found a transporter.
 12283 | Gauntlet | Gained mutation: You passively dampen the noise of your
                  | surroundings. [a shining eye]
 12292 | Gauntlet | Identified the +6 war axe "Impbane" {pain, rN++ Will++}
 12364 | Gauntlet | Identified the amulet "Xoyt Hosh" {Acrobat Rampage rElec
                  | rN+}
 12604 | Gauntlet | Noticed a minotaur
 12616 | Gauntlet | Killed a minotaur
 12617 | Gauntlet | Reached skill level 15 in Fighting
 13789 | Lair:2   | Noticed Amaemon
 13807 | Lair:2   | Killed Amaemon
 13808 | Lair:2   | Reached XP level 13. HP: 67/128 MP: 12/12
 13810 | Lair:2   | Succumbed to orange demon's concentrated venom

Illustrated notes

Levels and vault maps discovered:
D:1:      dpeg_arrival_caged_fury, layout_basic, grunt_decor_junction
D:2:      layout_loops_ring, due_unseen_surprise
D:3:      layout_rooms, trog_hazing_becter
D:4:      layout_loops_cross, overflow_temple_1_default,
          nicolae_uskayaw_dance_hall, gammafunk_ghost_split, serial_shops, shop,
          kennysheep_dice, uniq_blork_the_orc, uniq_duvessa, uniq_eustachio,
          uniq_robin
D:5:      layout_cave_pools, mainiacjoe_overflow_tiny_flanked,
          mainiacjoe_ossuary_entry_dusty_tomb
D:6:      layout_gridville, serial_shops, shop, uniq_jeremiah
D:7:      layout_basic, zin_treasury, fedhas_altar_1,
          minmay_temple_entry_slanted, kennysheep_path_1, lemuel_flamethrower_2
D:8:      regret_index_malice_mire, layout_basic, okawaru_metal_pillars_1_2,
          minitemple, serial_shops, kennysheep_mini,
          gammafunk_ghost_nasty_kobolds, special_room [special_room_orc],
          chequers_serial_rivers_small_3, minmay_between
D:9:      layout_irregular_city, kennysheep_mini_moat, skrybe_limestone_x
D:10:     layout_roguey, mainiacjoe_overflow_cross_hatched,
          statue_in_the_mist_lemuel, kennysheep_generic_room_5, uniq_snorg,
          uniq_harold
D:11:     layout_basic, gammafunk_ghost_split, nicolae_trove_entry_isolated
D:12:     layout_loops_corners, orc_0_dummy, chequers_serial_rivers_micro_a,
          feat_on_display
D:13:     cheibrodos_hippocracy, layout_basic, erik_vaults_2
Lair:1:   layout_cellular_growth, gauntlet_entry_generic,
          chequers_serial_rivers_micro_e, st_stairs_7, lemuel_fruit_tree
Lair:2:   layout_small_grid, spider_nest_entry_a, uniq_amaemon, uniq_gastronok

Skill      XL: |  1  2  3  4  5  6  7  8  9 10 11 12 |
---------------+-------------------------------------+-----
Shields        | 4 5 |  5.0
Axes           | 3 4 5 7 8 10 13 16 18 | 18.0
Fighting       | 7 12 15 | 15.7
Armour         | 5 9 11 | 11.7

Action                     |  1- 3 |  4- 6 |  7- 9 | 10-12 | 13-15 || total
---------------------------+-------+-------+-------+-------+-------++-------
  Melee: War axe           |    92 |    75 |   191 |   415 |       ||   773
         Headbutt          |     8 |     9 |    28 |    72 |       ||   117
         Unarmed           |       |     5 |     7 |       |       ||    12
 Invoke: Berserk           |       |       |     2 |     5 |       ||     7
  Evoke: Wand              |       |       |       |     8 |       ||     8
    Use: Scroll            |       |     5 |    13 |    10 |       ||    28
         Potion            |       |     1 |       |     1 |       ||     2
 Armour: Scale mail        |    28 |       |       |       |       ||    28
         Plate armour      |    59 |   102 |   191 |   503 |     1 ||   856
         Skin              |       |     2 |     4 |       |       ||     6
  Dodge: Dodged            |    43 |    37 |    64 |   178 |     5 ||   327
  Block: Buckler           |    25 |    24 |    51 |   104 |       ||   204

Table legend: (Time is in decaauts)
 A = Elapsed time spent in this place.
 B = Non-inter-level travel time spent in this place.
 C = Inter-level travel time spent in this place.
 D = Time resting spent in this place.
 E = Time spent auto-exploring this place.
 F = Levels seen in this place.
 G = Mean time per level.
                   A        B        C        D        E       F      G
               +--------+--------+--------+--------+--------+-----+--------+
         Total |  13971 |  13574 |    397 |   1244 |   8835 |  17 |  821.8 |
       Dungeon |  11728 |  11345 |    383 |    779 |   8068 |  13 |  902.2 |
          Lair |   1067 |   1053 |     14 |      0 |    767 |   2 |  533.5 |
       Ossuary |    395 |    395 |      0 |     59 |      0 |   1 |  395.0 |
      Gauntlet |    780 |    780 |      0 |    406 |      0 |   1 |  780.0 |
               +--------+--------+--------+--------+--------+-----+--------+

Top non-repeatable levels by time:
     D:8: 1778 daAuts
    D:12: 1367 daAuts
     D:4: 1293 daAuts
    D:10: 1269 daAuts
  Lair:1: 1049 daAuts
     D:1: 958 daAuts
     D:9: 955 daAuts
    D:11: 933 daAuts
Gauntlet: 780 daAuts
     D:5: 764 daAuts
     D:7: 693 daAuts
     D:2: 612 daAuts
     D:3: 503 daAuts
     D:6: 487 daAuts
 Ossuary: 395 daAuts
